 Dungeon Crawl Stone Soup version 0.30-a0-956-gcec3b41aec (webtiles) character file.

Game seed: 11341484410972596507

23863 Ahpoh the Carver (level 13, -1/116 HPs)
             Began as a Ghoul Gladiator on Mar 28, 2023.
             Was a High Priest of Wu Jian.
             Slain by a culicivora (6 damage)
             ... on level 1 of the Spider Nest on Mar 29, 2023.
             The game lasted 01:09:45 (16380 turns).

Ahpoh the Carver (Ghoul Gladiator)                 Turns: 16380, Time: 01:09:46

Health: -1/116     AC: 25    Str: 19    XL:     13   Next: 9%
Magic:  12/12      EV: 12    Int:  3    God:    Wu Jian [*****.]
Gold:   1083       SH:  0    Dex: 14    Spells: 12/12 levels left

rFire   + . .      SeeInvis .    W - +5 scythe "Finisher" {speed, eviscerate}
rCold   + + .      Faith    .    (shield currently unavailable)
rNeg    + + +      Spirit   .    U - +4 plate armour
rPois   ∞          Reflect  .    c - +0 helmet
rElec   +          Rampage  .    (no cloak)
rCorr   +                        C - +2 pair of gloves
Will    .....                    i - +2 pair of boots Stlth
                                 (no amulet)
HPRegen 0.00/turn                G - +5 ring of evasion
MPRegen 0.13/turn                M - +4 ring of slaying

@: mighty, resistant, inhibited regen, serpent's lash
A: claws 1, cold resistance 1, negative energy resistance 3, inhibited
regeneration, torment resistance 2, devour on kill
a: Renounce Religion, Wall Jump, Serpent's Lash, Heavenly Storm


You were on level 1 of the Spider Nest.
You worshipped Wu Jian.
Wu Jian was extremely pleased with you.
You visited 3 branches of the dungeon, and saw 14 of its levels.

You collected 1083 gold pieces.

Inventory:

Hand Weapons
 b - the +8 scimitar of a wizard's laboratory {heavy, rN+}
   (You found it on level 2 of the Lair of Beasts)

   rN:        It protects you from negative energy.
 W - the +5 scythe "Finisher" (weapon) {speed, eviscerate}
   (You found it on level 11 of the Dungeon)
Missiles
 a - a javelin (quivered)
 P - 14 poisoned darts
Armour
 c - a +0 helmet (worn)
 g - a +1 plate armour
 i - a +2 pair of boots (worn)
 j - a scarf of shadows
 m - +0 steam dragon scales
 C - a +2 pair of gloves (worn)
 E - a +0 buckler
 U - a +4 plate armour (worn)
 X - the +3 hat of Pondering {ponderous, Will+ MP+10 Int+5}
   (You took it off Gastronok on level 1 of the Lair of Beasts)

   Int:       It affects your intelligence (+5).
   MP:        It affects your magic capacity (+10).
   Will:      It increases your willpower.
Magical Staves
 H - a staff of death
Jewellery
 G - a +5 ring of evasion (left hand)
 M - a +4 ring of slaying (right hand)
 Q - an amulet of faith
Wands
 n - a wand of polymorph (1)
 p - a wand of digging (7)
 y - a wand of paralysis (15)
 K - a wand of flame (14)
 N - a wand of roots (18)
 Z - a wand of mindburst (8)
Scrolls
 d - a scroll of silence {unknown}
 e - 3 scrolls of brand weapon {unknown}
 h - a scroll of poison
 l - 6 scrolls of teleportation
 o - 8 scrolls of identify
 q - 7 scrolls of fog
 r - a scroll of magic mapping
 t - 2 scrolls of enchant weapon
 v - 2 scrolls of enchant armour
 w - 5 scrolls of noise
 D - a scroll of immolation {unknown}
 F - 2 scrolls of amnesia {unknown}
 V - a scroll of blinking {unknown}
Potions
 k - a potion of resistance
 s - 2 potions of brilliance {unknown}
 u - 2 potions of lignification
 x - a potion of invisibility {unknown}
 z - a potion of cancellation {unknown}
 A - a potion of might
 B - a potion of berserk rage {unknown}
 I - 3 potions of ambrosia {unknown}
 J - 5 potions of mutation
 L - a potion of magic {unknown}
 O - 4 potions of heal wounds {unknown}
 S - 2 potions of flight {unknown}
 T - a potion of haste {unknown}
Miscellaneous
 R - a tin of tremorstones (2/2)


   Skills:
 + Level 11.0 Fighting
 + Level 11.9 Long Blades
 + Level 9.3 Polearms
 + Level 3.8 Throwing
 + Level 8.1 Armour
 + Level 3.6 Dodging
 + Level 2.8 Stealth
 + Level 2.5 Shields
 + Level 0.1 Evocations


You had 12 spell levels left.
You didn't know any spells.
Your spell library contained the following spells:

 Spells                   Type           Power      Damage    Failure   Level
 Freeze                   Ice            0%         1d3       100%        1
 Magic Dart               Conj           0%         1d3       100%        1
 Sandblast                Erth           0%         2d4       100%        1
 Summon Small Mammal      Summ           0%         N/A       100%        1
 Call Imp                 Summ           0%         N/A       100%        2
 Cigotuvi's Dreadful Rot  Necr/Pois/Air  0%         N/A       100%        2
 Ensorcelled Hibernation  Hex/Ice        0%         N/A       100%        2
 Lesser Beckoning         Tloc           0%         N/A       100%        2
 Passwall                 Tmut/Erth      0%         N/A       100%        2
 Poisonous Vapours        Pois/Air       0%         N/A       100%        2
 Call Canine Familiar     Summ           0%         N/A       100%        3
 Frozen Ramparts          Ice            0%         1d1       100%        3
 Gell's Gravitas          Tloc           0%         N/A       100%        3
 Hailstorm                Conj/Ice       0%         3d3       100%        3
 Mephitic Cloud           Conj/Pois/Air  0%         N/A       100%        3
 Stone Arrow              Conj/Erth      0%         3d7       100%        3
 Summon Guardian Golem    Hex/Summ       0%         N/A       100%        3
 Swiftness                Air            0%         N/A       100%        3
 Teleport Other           Tloc           0%         N/A       100%        3


Dungeon Overview and Level Annotations

Branches:
Dungeon (11/15)            Temple (0/1) D:4            Lair (2/5) D:11
 Spider (1/4) Lair:2
  Swamp: Lair:2-3    Shoals: Lair:2-3       Orc: D:9-12

Altars:
Ashenzari
Cheibriados
Hepliaklqana
Makhleb
Nemelex Xobeh
Qazlal
Trog
Uskayaw
Vehumet
Wu Jian
Yredelemnul

Portals:
Trove: D:11 (show slimy rune of Zot)

Annotations:
D:10 exclusion: obsidian statue


Innate Abilities, Weirdness & Mutations

You are immune to poison.
You have sharp fingernails.
Your flesh is cold resistant. (rC+)
You are immune to negative energy. (rN+++)
You do not regenerate when monsters are visible.
You are immune to unholy pain and torment.
You thrive by killing the living.


Message History

The redback is heavily wounded.
The redback is healed somewhat.
The redback bites you but does no damage. x2
You impale the redback!!
You kill the redback!
The Council accepts your kill.
You hit the culicivora.
The culicivora is lightly wounded.
The culicivora bites you!
* * * LOW HITPOINT WARNING * * *
The culicivora closely misses you.
You barely miss the culicivora.
The culicivora is lightly wounded.
The culicivora misses you.
You impale the culicivora!!
The culicivora is almost dead.
The culicivora misses you. The culicivora bites you.
* * * LOW HITPOINT WARNING * * *
You closely miss the culicivora.
The culicivora is almost dead.
The culicivora is healed somewhat.
The culicivora barely misses you.
You feel better. The culicivora closely misses you. x2
You closely miss the culicivora.
The culicivora is heavily wounded.
The culicivora bites you but does no damage.
You barely miss the culicivora.
The culicivora is heavily wounded.
The culicivora bites you.
* * * LOW HITPOINT WARNING * * *
The culicivora bites you.
* * * LOW HITPOINT WARNING * * *
You closely miss the culicivora.
The culicivora is heavily wounded.
The culicivora closely misses you.
You slash the culicivora!
The culicivora is severely wounded.
The culicivora bites you!
* * * LOW HITPOINT WARNING * * *
The culicivora bites you.
You die...

#............#
##............
#...........#
............# #........#
##.......# ..#.#
#......## ....#
#.#####....# ....#
####....@ss####
....####....######.......
....##........# ##.####.
....##...^.... ##
....##........ ###
.......^...... ##.#
.....#.......####..#
......####...##....##
##.##.†####.....###.#


You could see a culicivora and a tarantella.

Vanquished Creatures
  Gastronok (Lair:1)
  A two-headed ogre (D:11)
  A skeletal warrior (D:11)
  A pharaoh ant (Lair:2)
  2 black mambas (Lair:1)
  5 elephants (Lair:2)
  6 cane toads
  A demonic crawler (Spider:1)
  An unseen horror (D:11)
  3 komodo dragons
  3 kobold demonologists
  4 trolls
  A polar bear (Lair:2)
  3 hornets
  5 tarantellas (Spider:1)
  4 jumping spiders
  2 culicivoras (Spider:1)
  A slime creature (D:8)
  A shadow (D:10)
  3 wyverns
  5 wraiths
  14 yaks
  2 basilisks (Lair:1)
  13 redbacks
  3 steam dragons
  4 vampire mosquitoes (D:11)
  Grum (D:9)
  2 wargs (D:11)
  An acid dragon (D:8)
  6 water moccasins
  4 orc warriors
  3 ice beasts
  An ogre (D:5)
  3 wolves
  8 centaurs
  2 phantoms
  3 kobold brigands
  5 bullfrogs
  A scorpion (D:6)
  5 wights (D:7)
  3 killer bees (D:7)
  5 howler monkeys
  2 hounds
  7 orc priests
  3 jellies
  8 iguanas
  13 orc wizards
  2 sleepcaps (D:4)
  3 hell rats (Lair:2)
  5 adders
  5 gnolls
  5 river rats (Lair:2)
  A shadow imp (D:7)
  A white imp (D:7)
  An ufetubus (D:4)
  2 worms (D:4)
  2 dart slugs
  44 orcs
  7 ball pythons
  A bat (D:2)
  9 endoplasms
  2 giant cockroaches
  8 goblins
  5 hobgoblins
  8 jackals (D:1)
  A quokka (D:2)
  2 frilled lizards (D:1)
  24 kobolds
  7 rats
  A spectral orc (D:3)
  A bush (D:4)
323 creatures vanquished.

Vanquished Creatures (others)
  An orc (D:8)
  4 fungi
  4 plants
9 creatures vanquished.

Grand Total: 332 creatures vanquished

Notes
Turn   | Place    | Note
-------+----------+-------------------------------------------
     0 | D:1      | Ahpoh the Ghoul Gladiator began the quest for the Orb.
     0 | D:1      | Reached XP level 1. HP: 17/17 MP: 0/0
   163 | D:1      | Reached XP level 2. HP: 14/25 MP: 1/1
   408 | D:1      | Reached XP level 3. HP: 30/30 MP: 2/2
   520 | D:1      | Found a faded altar of an unknown god.
   985 | D:2      | Found an ornate altar of the Wu Jian Council.
  1000 | D:2      | Became a worshipper of the Wu Jian Council
  1001 | D:2      | Noticed a phantom
  1018 | D:2      | Killed a phantom
  1019 | D:2      | Reached XP level 4. HP: 25/37 MP: 3/3
  1140 | D:2      | Reached XP level 5. HP: 44/44 MP: 4/4
  1180 | D:2      | Reached skill level 1 in Armour
  1224 | D:2      | Identified the +2 spear of Circularity {elec, rElec Will+
                  | Str+2 Dex+4}
  1728 | D:3      | Found a basalt altar of Yredelemnul.
  1806 | D:3      | Reached * piety under Wu Jian
  1935 | D:3      | Found a burning altar of Makhleb.
  2055 | D:3      | Found a snail-covered altar of Cheibriados.
  2124 | D:3      | Reached XP level 6. HP: 51/51 MP: 5/5
  2722 | D:4      | Reached skill level 5 in Long Blades
  2758 | D:4      | Found a staircase to the Ecumenical Temple.
  2789 | D:4      | Found a hide-covered altar of Uskayaw.
  3258 | D:4      | Reached ** piety under Wu Jian
  3766 | D:5      | Entered Level 5 of the Dungeon
  4113 | D:4      | Reached XP level 7. HP: 40/60 MP: 6/6
  4778 | D:5      | Reached skill level 1 in Stealth
  4897 | D:5      | HP: 3/60 [iguana (2)]
  5285 | D:4      | Reached XP level 8. HP: 27/67 MP: 7/7
  5936 | D:6      | Noticed a hornet
  5955 | D:6      | Killed a hornet
  5956 | D:6      | Reached skill level 5 in Fighting
  7029 | D:7      | Reached XP level 9. HP: 54/75 MP: 8/8
  7414 | D:7      | Reached *** piety under Wu Jian
  7575 | D:7      | Found a radiant altar of Vehumet.
  7812 | D:7      | Found a sparkling altar of Nemelex Xobeh.
  7812 | D:7      | Found a hazy altar of Hepliaklqana.
  7840 | D:7      | Found a broken altar of Ashenzari.
  7892 | D:7      | Found a bloodstained altar of Trog.
  8876 | D:9      | Noticed a kobold demonologist
  9032 | D:9      | Noticed an ice devil
  9081 | D:7      | Reached skill level 1 in Shields
  9216 | D:9      | Noticed Grum
  9216 | D:9      | Noticed a hornet
  9217 | D:9      | Noticed a kobold demonologist
  9225 | D:8      | Reached XP level 10. HP: 86/86 MP: 9/9
  9252 | D:9      | Reached skill level 5 in Armour
  9673 | D:9      | Noticed a soul eater
  9685 | D:8      | Noticed a rust devil
  9687 | D:8      | Killed a kobold demonologist
  9762 | D:9      | Killed Grum
  9763 | D:9      | Reached skill level 10 in Long Blades
 10002 | D:9      | Found an ornate altar of the Wu Jian Council.
 10167 | D:9      | Noticed a sixfirhy
 10175 | D:9      | Noticed a rust devil
 10177 | D:9      | Killed a kobold demonologist
 10274 | D:9      | Identified the +1 quarterstaff of Trog's Generosity {flame,
                  | Drain rPois rF++ Str+2}
 10532 | D:10     | Entered Level 10 of the Dungeon
 10735 | D:10     | Noticed an obsidian statue
 10735 | D:10     | Found the +0 mask of the Dragon {Will+ Slay+3 SInv}
 11064 | D:10     | Found a stormy altar of Qazlal.
 11070 | D:10     | Noticed a kobold demonologist
 11094 | D:10     | Noticed a smoke demon
 11094 | D:10     | Killed a kobold demonologist
 11122 | D:10     | Reached XP level 11. HP: 75/95 MP: 10/10
 11265 | D:10     | Reached **** piety under Wu Jian
 11970 | D:11     | Found a portal to a secret trove of treasure.
 12093 | D:11     | Noticed a skeletal warrior
 12168 | D:11     | Found the +5 scythe "Finisher" {speed, eviscerate}
 12288 | D:11     | Reached skill level 1 in Polearms
 12299 | D:11     | Reached ***** piety under Wu Jian
 12433 | D:11     | Found a staircase to the Lair.
 12508 | D:11     | Noticed a two-headed ogre
 12665 | D:11     | Killed a two-headed ogre
 12902 | D:11     | Killed a skeletal warrior
 13112 | Lair:1   | Entered Level 1 of the Lair of Beasts
 13146 | Lair:1   | Reached skill level 10 in Fighting
 13246 | Lair:1   | Reached XP level 12. HP: 85/106 MP: 11/11
 13247 | Lair:1   | Reached skill level 5 in Polearms
 13308 | Lair:1   | Noticed Gastronok
 13374 | Lair:1   | Found a stormy altar of Qazlal.
 14329 | Lair:1   | Killed Gastronok
 14746 | Lair:2   | Found a hole to the Spider Nest.
 14847 | Lair:2   | Identified the +8 scimitar of a wizard's laboratory {heavy,
                  | rN+}
 14863 | Lair:2   | Upgraded the game from 0.30-a0-953-g5f1da4a474 to
                  | 0.30-a0-956-gcec3b41aec
 15702 | Lair:2   | Found a snail-covered altar of Cheibriados.
 15872 | Spider:1 | Entered Level 1 of the Spider Nest
 16188 | Spider:1 | Reached XP level 13. HP: 99/115 MP: 12/12
 16333 | Spider:1 | Noticed a dire elephant
 16337 | Spider:1 | Noticed a dire elephant
 16380 | Spider:1 | HP: 5/116 [culicivora (7)]
 16380 | Spider:1 | Slain by a culicivora

Illustrated notes

Levels and vault maps discovered:
D:1:      erik_arrival_orb_chamber, layout_loops_ring,
          ebering_ecumenical_altar_webs
D:2:      minmay_evil_eye, layout_rooms, basic_altar
D:3:      layout_rooms, cheibriados_altar_1, mainiacjoe_overflow_alcove_4,
          yredelemnul_forgotten_temple_becter
D:4:      layout_loops_ring, mainiacjoe_overflow_24_doors,
          minmay_temple_entry_proselytizer, minmay_hedge_maze
D:5:      layout_cave_pools
D:6:      layout_loops_ring
D:7:      layout_loops_ring, vehumet_crystals,
          chequers_temple_overflow_minitemple
D:8:      layout_rooms
D:9:      layout_rooms, amcnicky_altar_gilded, small_chamber_with_monster,
          uniq_grum
D:10:     layout_roguey, grunt_qazlal_clouds, serial_corexii_hall,
          chequers_hall_statues_y, corexii_hall_statues_x,
          minmay_protected_statue
D:11:     layout_basic, erik_lair_orcish_takeover,
          nicolae_trove_entry_free_sample, grunt_ministairs_6,
          minmay_guarded_unrand_finisher
Lair:1:   layout_regular_city, basic_altar, serial_bayou_pond_e, uniq_gastronok
Lair:2:   layout_regular_city, nicolae_spider_entry_lesser_pyramids,
          basic_altar, serial_bayou_pond_a, kennysheep_abandoned_house,
          lemuel_fruit_fields, infiniplex_staircase_pool_2
Spider:1: layout_chambers, beargit_elvish_explorers

Skill      XL: |  1  2  3  4  5  6  7  8  9 10 11 12 13 |
---------------+----------------------------------------+-----
Long Blades    | 3 4 5 6 7 9 11 | 11.9
Throwing       | 2 3 |  3.8
Dodging        | 3 |  3.6
Fighting       | 3 4 5 7 8 10 11 | 11.0
Armour         | 1 3 4 5 7 8 |  8.1
Stealth        | 1 2 |  2.8
Shields        | 1 2 |  2.5
Polearms       | 4 9 |  9.3
Evocations     | |  0.1

Action                     |  1- 3 |  4- 6 |  7- 9 | 10-12 | 13-15 || total
---------------------------+-------+-------+-------+-------+-------++-------
  Melee: Long sword        |    88 |   395 |   472 |   367 |       ||  1322
         Punch             |     1 |     4 |     5 |       |       ||    10
         Scythe            |       |       |       |   314 |    36 ||   350
         Scimitar          |       |       |       |    10 |       ||    10
  Throw: Stone             |     2 |       |       |       |       ||     2
         Throwing net      |     1 |       |     3 |     1 |       ||     5
         Javelin           |     1 |       |     1 |     8 |     2 ||    12
         Dart              |       |       |       |    18 |     1 ||    19
 Invoke: Serpent's Lash    |       |       |       |     1 |     1 ||     2
Ability: Lunge             |     1 |    13 |    18 |    27 |       ||    59
         Whirlwind         |       |     7 |    10 |    30 |     2 ||    49
         Wall Jump         |       |       |     1 |       |       ||     1
  Evoke: Wand              |       |       |       |     2 |     1 ||     3
    Use: Scroll            |       |       |     9 |     1 |     1 ||    11
         Potion            |       |       |     3 |     6 |     4 ||    13
   Stab: Held in net/web   |       |       |     1 |       |       ||     1
         Fleeing           |       |       |     1 |       |       ||     1
 Armour: Plate armour      |    81 |   217 |   325 |   420 |    44 ||  1087
  Dodge: Dodged            |    22 |   101 |   185 |   354 |    42 ||   704
  Block: Buckler           |       |       |    35 |    57 |       ||    92

Table legend: (Time is in decaauts)
 A = Elapsed time spent in this place.
 B = Non-inter-level travel time spent in this place.
 C = Inter-level travel time spent in this place.
 D = Time resting spent in this place.
 E = Time spent auto-exploring this place.
 F = Levels seen in this place.
 G = Mean time per level.
                   A        B        C        D        E       F      G
               +--------+--------+--------+--------+--------+-----+--------+
         Total |  16528 |  16341 |    187 |   3492 |   7873 |  14 | 1180.6 |
       Dungeon |  13237 |  13057 |    180 |   2755 |   6253 |  11 | 1203.4 |
          Lair |   2780 |   2773 |      7 |    693 |   1352 |   2 | 1390.0 |
   Spider Nest |    510 |    510 |      0 |     44 |    268 |   1 |  510.0 |
               +--------+--------+--------+--------+--------+-----+--------+

Top non-repeatable levels by time:
     D:4: 2511 daAuts
     D:7: 1732 daAuts
  Lair:1: 1526 daAuts
    D:11: 1494 daAuts
  Lair:2: 1253 daAuts
    D:10: 1092 daAuts
     D:6: 1069 daAuts
     D:5: 1057 daAuts
     D:1: 1003 daAuts
     D:9: 962 daAuts
     D:8: 926 daAuts
     D:3: 733 daAuts
     D:2: 654 daAuts
Spider:1: 510 daAuts
